 Dungeon Crawl Stone Soup version 0.30.0-10-gfe55d96785 (webtiles) character file.

Game seed: 11261370225841645979

45 hikkokomori the Gusty (level 3, -1/20 HPs)
             Began as a Tengu Air Elementalist on May 16, 2023.
             Slain by an adder (2 damage)
             ... on level 2 of the Dungeon.
             The game lasted 00:02:46 (1291 turns).

hikkokomori the Gusty (Tengu Air Elementalist)      Turns: 1291, Time: 00:02:46

Health: -1/20      AC:  2    Str:  8    XL:     3   Next: 64%
Magic:  2/7        EV: 12    Int: 17    God:
Gold:   66         SH:  0    Dex: 14    Spells: 5/6 levels left

rFire   . . .        g - +0 dagger (flame)
rCold   . . .        (no shield)
rNeg    . . .        a - +0 robe
rPois   .            (helmet restricted)
rElec   .            (no cloak)
rCorr   .            (no gloves)
SInv    .            (boots unavailable)
Will    .....        (no amulet)
Stlth   ++           (no ring)
HPRegen 0.23/turn    (no ring)
MPRegen 0.10/turn

%: no passive effects
@: lethally poisoned (-1 -> -4), flying
A: beak, talons 3
a: no special abilities


You were on level 2 of the Dungeon.
You visited 1 branch of the dungeon, and saw 2 of its levels.

You collected 66 gold pieces.

Inventory:

Hand Weapons
 c - a +0 short sword
 g - a +0 dagger of flaming (weapon)
Armour
 a - a +0 robe (worn)
Jewellery
 e - a ring of resist corrosion
Scrolls
 f - a scroll of fog {unknown}
 i - a scroll of identify {unknown}
Potions
 b - a potion of magic
 d - a potion of heal wounds {unknown}
 k - a potion of might {unknown}


   Skills:
 + Level 1.3 Fighting
 - Level 2.1 Dodging
 + Level 2.7 Stealth
 - Level 2.0 Spellcasting
 + Level 2.5 Conjurations
 + Level 4.5 Air Magic


You had 5 spell levels left.
You knew the following spells:

 Your Spells              Type           Power      Damage    Failure   Level
a - Shock                 Conj/Air       52%        1d6       4%          1

Your spell library contained the following spells:

 Spells                   Type           Power      Damage    Failure   Level
 Static Discharge         Conj/Air       26%        2-4/arc   7%          2
 Swiftness                Air            17%        N/A       9%          3
 Airstrike                Air            8%         2d(2-18)  30%         4


Dungeon Overview and Level Annotations

Branches:
Dungeon (2/15)

Altars:


Innate Abilities, Weirdness & Mutations

You have a beak for a mouth.
You have claws for feet.


Message History

You are too injured to fight recklessly!
You are too injured to fight recklessly!
Unknown command.
You hit the adder. You burn the adder. Your kick misses the adder.
You peck the adder.
The adder is severely wounded.
You feel sick. The adder bites you.
* * * LOW HITPOINT WARNING * * *
The adder misses you.
You closely miss the adder. You claw the adder, but do no damage.
The adder is severely wounded.
You feel sick. The adder bites you.
* * * LOW HITPOINT WARNING * * *
You are more poisoned.
The adder poisons you!
Unknown command.
You barely miss the adder. You peck the adder.
The adder is almost dead.
* * * LOW HITPOINT WARNING * * *
You feel very sick. The adder closely misses you.
Unknown command.
It was a potion of curing.
You feel better. The adder barely misses you. x2
You miss the adder. Your peck misses the adder.
The adder is almost dead.
The adder bites you.
* * * LOW HITPOINT WARNING * * *
You are lethally poisoned!
The adder poisons you!
You closely miss the adder. Your kick misses the adder.
Your punch misses the adder.
The adder is almost dead.
* * * LOW HITPOINT WARNING * * *
You feel sick. The adder barely misses you.
It was a potion of flight.
You feel very buoyant.
You fly up into the air.
* * * LOW HITPOINT WARNING * * *
You feel sick. The adder bites you.
You die...

#......... +.....!.. .
#....... ... #......#
.#.##......# # ........[..+
.# ......S.)..# ...
#..@...# #....
#......##....#
#......#....## ####
#......†!..... .....
#.........#... .....
#............. ...
........####.......#..>
..##.........<.........<###
...............#........#


You could see an adder.

Vanquished Creatures
  A worm (D:2)
  2 dart slugs (D:1)
  A ball python (D:1)
  4 endoplasms
  A giant cockroach (D:1)
  A goblin (D:2)
  A hobgoblin (D:1)
  4 jackals
  5 kobolds
  3 quokkas
  A bat (D:1)
  3 frilled lizards
  10 rats
37 creatures vanquished.

Notes
Turn   | Place    | Note
-------+----------+-------------------------------------------
     0 | D:1      | hikkokomori the Tengu Air Elementalist began the quest for
                  | the Orb.
     0 | D:1      | Reached XP level 1. HP: 10/10 MP: 4/4
   295 | D:1      | Reached XP level 2. HP: 16/16 MP: 4/6
   746 | D:1      | Reached skill level 1 in Fighting
   748 | D:1      | Reached XP level 3. HP: 20/20 MP: 1/7
  1290 | D:2      | HP: 1/20 [poisoned by an adder]
  1291 | D:2      | Slain by an adder

Illustrated notes

Levels and vault maps discovered:
D:1:      lemuel_arrival_tunnels, layout_loops_ring, minmay_cupped
D:2:      layout_basic, serial_shops, shop, corexii_shack,
          grunt_decor_arrowhead, serial_bayou_lagoon_a, nrook_uturn,
          dreamdust_mushroom_princess, minmay_pentomino_q2, uniq_terence,
          uniq_sigmund

Skill      XL: |  1  2 |
---------------+-------+-----
Conjurations   | 2 |  2.5
Fighting       | 1 |  1.3
Dodging        | |  2.1
Stealth        | |  2.7
Spellcasting   | |  2.0
Air Magic      | |  4.5

Action                     || total
---------------------------++-------
  Melee: Short sword       ||     5
         Unarmed           ||     5
         Kick              ||    12
         Peck              ||     8
         Dagger            ||    24
   Cast: Shock             ||    51
    Use: Potion            ||     2
 Armour: Robe              ||     3
  Dodge: Dodged            ||    25
